 Dungeon Crawl Stone Soup version 0.25-a0-634-gd1561dc703 (webtiles) character file.

Game seed: 13327769884645978401, levelgen mode: deterministic

29 An17 the Skirmisher (level 3, -2/19 HPs)
             Began as a Vine Stalker Wanderer on Mar 20, 2020.
             Killed from afar by Sigmund (5 damage)
             ... with a puff of flame
             ... on level 2 of the Dungeon.
             The game lasted 00:04:16 (611 turns).

An17 the Skirmisher (Vine Stalker Wanderer)          Turns: 611, Time: 00:04:16

Health: -2/19      AC:  6    Str: 13    XL:     3   Next: 16%
Magic:  0/4        EV: 10    Int: 12    God:
Gold:   28         SH:  0    Dex: 15    Spells: 2/2 levels left

rFire    . . .     SeeInvis .   a - +2 dagger
rCold    . . .     Gourm    .   (no shield)
rNeg     . . .     Faith    .   c - +0 ring mail
rPois    .         Spirit   +   (no helmet)
rElec    .         Reflect  .   (no cloak)
rCorr    .         Harm     .   (no gloves)
MR       .....                  j - +0 pair of boots
Stlth    +.........             (no amulet)
HPRegen  0.06/turn              (no ring)
MPRegen  0.09/turn              (no ring)

@: no status effects
A: fangs 2, magic shield, antimagic bite, no potion heal 3, rot immunity
a: no special abilities


You were on level 2 of the Dungeon.
You were not hungry.

You visited 1 branch of the dungeon, and saw 2 of its levels.

You collected 28 gold pieces.

Inventory:

Hand Weapons
 a - a +2 dagger (weapon)
Missiles
 e - 2 javelins (quivered)
 g - 2 boomerangs
Armour
 c - a +0 ring mail (worn)
 i - a cursed +0 scale mail
 j - a +0 pair of boots (worn)
Scrolls
 b - a scroll of fear
Potions
 d - 2 potions of curing
 h - 2 potions of berserk rage
Comestibles
 f - 2 rations


   Skills:
 + Level 2.3 Fighting
 + Level 2.2 Short Blades
   Level 1.0 Axes
 + Level 2.1 Armour
 + Level 1.0 Dodging
 + Level 1.2 Stealth
   Level 1.0 Evocations


You had 2 spell levels left.
You didn't know any spells.
Your spell library was empty.

Dungeon Overview and Level Annotations

Branches:
Dungeon (2/15)

Altars:
Xom

Annotations:
D:2 Sigmund


Innate Abilities, Weirdness & Mutations

You have extremely sharp teeth.
When hurt, damage is shared between your health and your magic reserves.
Your bite disrupts and absorbs the magic of your enemies.
Potions cannot restore your health.
You are immune to rotting.


Message History

* * * LOW HITPOINT WARNING * * *
The bat hits you but does no damage. The bat misses you.
You hit the bat. You bite the bat, but do no damage.
The bat is severely wounded.
The bat hits you but does no damage. The bat hits you but does no damage.
The bat misses you.
Found a scroll of identify.
You hit the bat.
The bat is severely wounded.
The bat hits you but does no damage. Something hits you.
* * * LOW HITPOINT WARNING * * *
A rat comes into view.
The bat hits you but does no damage.
Found 9 gold pieces.
The bat closely misses you. The bat closely misses you.
The bat completely misses you.
A puff of flame appears from out of thin air!
The puff of flame hits you!
You die...

#....b...# #........#
........# #...@....#
........#
#.?.....?####.....?.#
..=.....#.........#
........#.#._...#.
#####.......#{#...#.#
......>.....#.##.b..#
....><.# #.##@##.#
.......# #.......#.#
.......# ####......#
.......#########†######
..(...()...†.....#
.......###########
....!..# .......#
########


You could see a bat.

Vanquished Creatures
  A leopard gecko (D:1)
  3 bats
  A giant cockroach (D:1)
  A goblin (D:2)
  6 hobgoblins (D:1)
  A frilled lizard (D:1)
  7 kobolds (D:1)
  7 rats
27 creatures vanquished.

Notes
Turn   | Place    | Note
-------+----------+-------------------------------------------
     0 | D:1      | An17 the Vine Stalker Wanderer began the quest for the Orb.
     0 | D:1      | An17 set off with the following items: a +2 dagger, a
                  | scroll of fear, a +0 ring mail, a +0 hand axe, a ration
     0 | D:1      | Reached XP level 1. HP: 11/11 MP: 2/2
   104 | D:1      | Reached XP level 2. HP: 10/15 MP: 1/3
   415 | D:1      | Reached XP level 3. HP: 16/19 MP: 4/4
   546 | D:2      | Noticed Sigmund
   589 | D:2      | Found a shimmering altar of Xom.
   611 | D:2      | Killed from afar by Sigmund

Levels and vault maps discovered:
D:1:      minmay_arrival_doors, layout_basic, corexii_leaking_fountain
D:2:      layout_loops_cross, xom_butterflies, minivault_27, uniq_sigmund

Skill      XL: |  1  2 |
---------------+-------+-----
Short Blades   | 2 |  2.2
Fighting       | 2 |  2.3
Armour         | 2 |  2.1
Axes           | |  1.0
Dodging        | |  1.0
Stealth        | |  1.2
Evocations     | |  1.0

Action                   || total
-------------------------++-------
Melee: Dagger            ||    70
       Bite              ||    19
Throw: Javelin           ||     3
  Use: Scroll            ||     3
       Potion            ||     1
Armor: Ring mail         ||    40
Dodge: Dodged            ||    46

Table legend:
 A = Non-vault XP
 B = Vault XP
 C = Vault XP percentage of total XP
 D = Non-vault monster count
 E = Vault monster count
 F = Vault count percentage of total count
                 A         B        C        D         E       F
            +---------+---------+-------+---------+---------+-------
      Total |      42 |       0 |   0.0 |      27 |       0 |   0.0
            +---------+---------+-------+---------+---------+-------
        D:1 |      37 |       0 |   0.0 |      24 |       0 |   0.0
        D:2 |       5 |       0 |   0.0 |       3 |       0 |   0.0
            +---------+---------+-------+---------+---------+-------
